 Dungeon Crawl Stone Soup version 0.30.0-29-ga12c61a403 (webtiles) character file.

Game seed: 9042518342508092735

40 qw the Chopper (level 3, -11/23 HPs)
             Began as a Gargoyle Fighter on June 4, 2023.
             Mangled by an ogre
             ... wielding a +0 giant club
              (14 damage)
             ... on level 2 of the Dungeon.
             The game lasted 00:00:28 (1177 turns).

qw the Chopper (Gargoyle Fighter)                   Turns: 1177, Time: 00:00:29

Health: -11/23     AC: 10    Str: 21    XL:     3   Next: 50%
Magic:  3/3        EV:  9    Int:  8    God:
Gold:   110        SH:  4    Dex:  9    Spells: 2/2 levels left

rFire   . . .        Y - +0 war axe
rCold   . . .        c - +0 buckler
rNeg    + . .        b - +0 scale mail
rPois   inf          (no helmet)
rElec   +            (no cloak)
rCorr   .            (no gloves)
SInv    .            (no boots)
Will    .....        (no amulet) Stlth
                     (no ring)
HPRegen 0.23/turn    (no ring)
MPRegen 0.08/turn

%: no passive effects
@: no status effects
A: sickness immunity, AC +3, negative energy resistance 1, electricity
resistance, torment resistance 1, petrification resistance
a: no special abilities


You were on level 2 of the Dungeon.
You visited 1 branch of the dungeon, and saw 2 of its levels.

You collected 110 gold pieces.


Innate Abilities, Weirdness & Mutations

You are immune to sickness and miasma.
Your stone body is resilient. (AC +3)
You are immune to poison.
You resist negative energy. (rN+)
You are resistant to electric shocks. (rElec)
You are resistant to unholy torment.
You are immune to petrification.


   Skills:
 - Level 3.2 Fighting
 + Level 3.4 Axes
 - Level 3.2 Armour
 - Level 3.2 Shields


You had 2 spell levels left.
You didn't know any spells.
Your spell library was empty.

Inventory:

Hand Weapons
 l - a +0 whip
 Y - a +0 war axe (weapon)
Armour
 b - a +0 scale mail (worn)
 c - a +0 buckler (worn)
Scrolls
 i - a scroll of identify
Potions
 d - a potion of might
 g - a potion of heal wounds {unknown}
 k - a potion of brilliance {unknown}

Dungeon Overview and Level Annotations

Branches:
Dungeon (2/15)

Altars:


Message History

A quokka comes into view.
You closely miss the quokka. The quokka bites you.
The quokka bites you but does no damage.
You miss the quokka.
The quokka bites you but does no damage.
You hit the quokka but do no damage. You block the quokka's attack.
The quokka barely misses you.
You slash the quokka!
You kill the quokka!
You start resting.
HP restored.
Found a book of Flames.
An ufetubus comes into view.
You slash the ufetubus!
You kill the ufetubus!
The endoplasm quivers.
You barely miss the endoplasm.
The endoplasm hits you but does no damage.
You hit the endoplasm.
The endoplasm is almost dead.
The endoplasm freezes you.
You are frozen.
You block the endoplasm's attack.
You slash the endoplasm!
You kill the endoplasm!
You start resting.
HP restored.
An ogre comes into view. It is wielding a +0 giant club.
1169 ||| Stepping ~*~*~tactically~*~*~ (stealth).
You completely miss the ogre. You block the ogre's attack.
You slash the ogre!
The ogre is heavily wounded.
The ogre hits you with a +0 giant club!!
Ouch! That really hurt!
You slash the ogre!
The ogre is severely wounded.
The ogre hits you with a +0 giant club!
Ouch! That really hurt!
You die...

#. #. #. #. #.
########### #.
#.........#
####O#####.#######.#
#....@.........# #.#
#.##.#####.###.###.#
#... #.........#
..... #####.#####
###... ####.#####
##.# #......^.# #.#
#.# #.##.###.# #.#
#.# #.##.###.# #.#
##'## #.##.#...#


You could see an ogre.

Vanquished Creatures
  An ufetubus (D:2)
  A worm (D:2)
  4 endoplasms
  A giant cockroach (D:1)
  5 goblins (D:1)
  4 hobgoblins
  4 kobolds (D:1)
  2 quokkas
  A ball python (D:1)
  2 bats
  A frilled lizard (D:1)
  A rat (D:1)
27 creatures vanquished.

Notes
Turn   | Place    | Note
-------+----------+-------------------------------------------
     0 | D:1      | qw the Gargoyle Fighter began the quest for the Orb.
     0 | D:1      | Reached XP level 1. HP: 14/14 MP: 1/1
     0 | D:1      | 0 ||| qw: Version: 0.2-a-107-g4668610
     0 | D:1      | 0 ||| qw: Game counter: 1269
     0 | D:1      | 0 ||| qw: Always use a shield: true
     0 | D:1      | 0 ||| qw: God list: Okawaru
     0 | D:1      | 0 ||| qw: Allow faded altars: false
     0 | D:1      | 0 ||| qw: Do Orc after D:15 true
     0 | D:1      | 0 ||| qw: Do second Lair branch before Depths: true
     0 | D:1      | 0 ||| qw: Lair rune preference: random
     0 | D:1      | 0 ||| qw: Plans: Normal, Zot:1-4, Slime:5, God:TSO, Crypt,
                  | Tomb, Abyss, Pan, Hells, Win
     0 | D:1      | 0 ||| PLANNING D:1-11
   105 | D:1      | 105 ||| Stepping ~*~*~tactically~*~*~ (hiding).
   106 | D:1      | 106 ||| Stepping ~*~*~tactically~*~*~ (hiding).
   323 | D:1      | Reached XP level 2. HP: 19/19 MP: 2/2
   622 | D:1      | 622 ||| DROPPING +0 club.
   740 | D:1      | Reached skill level 3 in Axes
   915 | D:1      | Reached XP level 3. HP: 18/23 MP: 3/3
   999 | D:1      | 999 ||| DROPPING +3 leather armour.
  1000 | D:1      | 1000 ||| DROPPING ring of wizardry.
  1001 | D:1      | 1001 ||| READING scroll labelled YCSOIL ACWELO.
  1005 | D:1      | 1005 ||| READING 2 scrolls labelled BUUQYUREGU.
  1006 | D:1      | 1006 ||| DRINKING 2 black potions.
  1007 | D:1      | 1007 ||| DROPPING potion of invisibility.
  1088 | D:2      | 1088 ||| Stepping ~*~*~tactically~*~*~ (stealth).
  1089 | D:2      | 1089 ||| Stepping ~*~*~tactically~*~*~ (stealth).
  1168 | D:2      | Noticed an ogre
  1169 | D:2      | 1169 ||| Stepping ~*~*~tactically~*~*~ (stealth).
  1176 | D:2      | HP: 3/23 [ogre/+0 giant club (20)]
  1177 | D:2      | Mangled by an ogre

Levels and vault maps discovered:
D:1:      dpeg_arrival_erosion, layout_loops_corners
D:2:      layout_loops_corners, serial_shops, nicolae_shop_hallway_stairs,
          uniq_natasha

Skill      XL: |  1  2 |
---------------+-------+-----
Axes           | 2 3 |  3.4
Fighting       | |  3.2
Armour         | |  3.2
Shields        | |  3.2

Action                     || total
---------------------------++-------
  Melee: War axe           ||    77
    Use: Scroll            ||     2
         Potion            ||     1
   Stab: Invisible         ||     1
 Armour: Scale mail        ||    40
  Dodge: Dodged            ||    25
  Block: Buckler           ||    13

Table legend:
 A = Non-vault XP
 B = Vault XP
 C = Vault XP percentage of total XP
 D = Non-vault monster count
 E = Vault monster count
 F = Vault count percentage of total count
                 A         B        C        D         E       F
            +---------+---------+-------+---------+---------+-------
      Total |      58 |       0 |   0.0 |      27 |       0 |   0.0
            +---------+---------+-------+---------+---------+-------
        D:1 |      36 |       0 |   0.0 |      20 |       0 |   0.0
        D:2 |      22 |       0 |   0.0 |       7 |       0 |   0.0
            +---------+---------+-------+---------+---------+-------
